| TOP OF THE 1ST |
|
Missoula Osprey batting - Pitching for Philadelphia (APP) Phillies : RHP Soh Kawashima
|
|
Pitching: RHP Soh Kawashima
|
|
|
Batting: RHB Hyeok Shon
|
0-0: Ball 1-0: Swinging Strike 1-1: Ground out 6-3 (Groundball, 6, EV 100.6 MPH)
|
|
Batting: RHB Orlando Florez
|
0-0: SINGLE (Line Drive, 34D, EV 95.0 MPH)
|
|
Batting: SHB Ed Vargas
|
0-0: Foul Ball, location: 2F 0-1: Grounds into double play, 4-6-3 (Groundball, 4, EV 76.9 MPH)
|
| Top of the 1st over - 0 runs, 1 hit, 0 errors, 0 left on base; Missoula 0 - Philadelphia (APP) 0 |
| BOTTOM OF THE 1ST |
|
Philadelphia (APP) Phillies batting - Pitching for Missoula Osprey : RHP Sipi Mäkitie
|
|
Pitching: RHP Sipi Mäkitie
|
|
|
Batting: LHB Matt Urbanek
|
0-0: Ball 1-0: Ground out 4-3 (Groundball, 4, EV 103.8 MPH)
|
|
Batting: RHB Tony Perez
|
0-0: Ball 1-0: Foul Ball, location: 2F 1-1: DOUBLE (Flyball, 8LXD, EV 111.2 MPH)
|
|
Batting: LHB Joel Moore
|
0-0: Ball 1-0: Ball 2-0: Ball 3-0: Base on Balls
|
|
Batting: RHB Danny Habermehl
|
0-0: Called Strike 0-1: Ball Wild Pitch! Tony Perez to third Joel Moore to second 1-1: Ground out 6-3 (Groundball, 6, EV 85.6 MPH) Tony Perez scores
|
|
Batting: RHB Trent Hedrick
|
0-0: Ground out 3-1 (Groundball, 34, EV 90.0 MPH)
|
| Bottom of the 1st over - 1 run, 1 hit, 0 errors, 1 left on base; Missoula 0 - Philadelphia (APP) 1 |
| TOP OF THE 2ND |
|
Missoula Osprey batting - Pitching for Philadelphia (APP) Phillies : RHP Soh Kawashima
|
|
Batting: RHB D.J. Cooke
|
0-0: Foul Ball, location: 2F 0-1: SINGLE (Groundball, 56D, EV 99.4 MPH) (infield hit)
|
|
Batting: LHB Dallas Kelly
|
0-0: SINGLE (Groundball, 4MD, EV 98.1 MPH) D.J. Cooke to second
|
|
Batting: RHB Edwin Romero
|
0-0: Ball 1-0: Foul Ball, location: 2F 1-1: Foul Ball, location: 2F 1-2: Foul Ball, location: 2F 1-2: Foul Ball, location: 2F 1-2: Foul Ball, location: 2F 1-2: Strikes out swinging
|
|
Batting: RHB Daniel Rivera
|
0-0: Called Strike 0-1: Ball 1-1: Foul Ball, location: 2F 1-2: Ball 2-2: Ground out 5-3 (Groundball, 56S, EV 71.9 MPH) D.J. Cooke to third Dallas Kelly to second
|
|
Batting: SHB Ethan Newby
|
0-0: Swinging Strike 0-1: SINGLE (Groundball, 6MD, EV 108.1 MPH) D.J. Cooke scores Dallas Kelly to third Runner from 3rd tries for Home, SAFE, throw by CF to home
|
|
Batting: RHB Zach Espinosa
|
0-0: Called Strike 0-1: Ball 1-1: Ball 2-1: Ball 3-1: Foul Ball, location: 2F 3-2: Foul Ball, location: 2F 3-2: Foul Ball, location: 2F 3-2: Foul Ball, location: 2F 3-2: Fly out, F7 (Line Drive, 7S, EV 108.8 MPH)
|
| Top of the 2nd over - 2 runs, 3 hits, 0 errors, 1 left on base; Missoula 2 - Philadelphia (APP) 1 |
| BOTTOM OF THE 2ND |
|
Philadelphia (APP) Phillies batting - Pitching for Missoula Osprey : RHP Sipi Mäkitie
|
|
Batting: RHB Mike Bell
|
0-0: Ground out 5-3 (Groundball, 5, EV 95.0 MPH)
|
|
Batting: RHB Guan-pei Gao
|
0-0: Called Strike 0-1: Called Strike 0-2: Strikes out swinging
|
|
Batting: LHB Jesse Haught
|
0-0: Foul Ball, location: 2F 0-1: SINGLE (Groundball, 34D, EV 97.5 MPH)
|
|
Batting: RHB Gary Sampson
|
0-0: Ball 1-0: Ball 2-0: Called Strike 2-1: Ball 3-1: Base on Balls Jesse Haught to second
|
|
Batting: LHB Matt Urbanek
|
0-0: Ball 1-0: Ball 2-0: Called Strike 2-1: Fielders Choice at 2nd, 6-4 (Groundball, 6, EV 89.4 MPH)
|
| Bottom of the 2nd over - 0 runs, 1 hit, 0 errors, 2 left on base; Missoula 2 - Philadelphia (APP) 1 |
| TOP OF THE 3RD |
|
Missoula Osprey batting - Pitching for Philadelphia (APP) Phillies : RHP Soh Kawashima
|
|
Batting: RHB Hyeok Shon
|
0-0: Foul Ball, location: 2F 0-1: Foul Ball, location: 2F 0-2: Ball 1-2: Reached via error on a dropped throw from 1B, E1 (Groundball, 34, EV 80.0 MPH)
|
|
Batting: RHB Orlando Florez
|
0-0: Called Strike 0-1: Called Strike Hyeok Shon steals 2nd base 0-2: Ball 1-2: Ball 2-2: Strikes out swinging
|
|
Batting: SHB Ed Vargas
|
0-0: Ball 1-0: Ball 2-0: Swinging Strike 2-1: SINGLE (Groundball, 6D, EV 96.2 MPH) Hyeok Shon to third Runner from 3rd tries for Home, SAFE, throw by CF to home
|
|
Batting: RHB D.J. Cooke
|
0-0: Called Strike 0-1: Swinging Strike 0-2: Ball 1-2: Ball 2-2: Fly out, F4 (Popup, 23, EV 96.2 MPH)
|
|
Batting: LHB Dallas Kelly
|
0-0: Foul Ball, location: 2F 0-1: Ground out 6-3 (Groundball, 4MS, EV 85.0 MPH)
|
| Top of the 3rd over - 1 run, 1 hit, 1 error, 1 left on base; Missoula 3 - Philadelphia (APP) 1 |
| BOTTOM OF THE 3RD |
|
Philadelphia (APP) Phillies batting - Pitching for Missoula Osprey : RHP Sipi Mäkitie
|
|
Batting: RHB Tony Perez
|
0-0: Called Strike 0-1: Fly out, F4 (Popup, 4D, EV 71.2 MPH)
|
|
Batting: LHB Joel Moore
|
0-0: Ball 1-0: Foul Ball, location: 2F 1-1: Ball 2-1: Called Strike 2-2: Strikes out swinging
|
|
Batting: RHB Danny Habermehl
|
0-0: Ball 1-0: Ball 2-0: Ball 3-0: Base on Balls
|
|
Batting: RHB Trent Hedrick
|
0-0: Called Strike 0-1: Ground out 5-3 (Groundball, 5S, EV 76.9 MPH)
|
| Bottom of the 3rd over - 0 runs, 0 hits, 0 errors, 1 left on base; Missoula 3 - Philadelphia (APP) 1 |
| TOP OF THE 4TH |
|
Missoula Osprey batting - Pitching for Philadelphia (APP) Phillies : RHP Soh Kawashima
|
|
Batting: RHB Edwin Romero
|
0-0: Foul Ball, location: 2F 0-1: Swinging Strike 0-2: Strikes out looking
|
|
Batting: RHB Daniel Rivera
|
0-0: Swinging Strike 0-1: Swinging Strike 0-2: Strikes out looking
|
|
Batting: SHB Ethan Newby
|
0-0: Foul Ball, location: 2F 0-1: Ball 1-1: Foul Ball, location: 2F 1-2: Ball 2-2: Foul Ball, location: 2F 2-2: Strikes out looking
|
| Top of the 4th over - 0 runs, 0 hits, 0 errors, 0 left on base; Missoula 3 - Philadelphia (APP) 1 |
| BOTTOM OF THE 4TH |
|
Philadelphia (APP) Phillies batting - Pitching for Missoula Osprey : RHP Sipi Mäkitie
|
|
Batting: RHB Mike Bell
|
0-0: Ball 1-0: Ball 2-0: Foul Ball, location: 2F 2-1: Ball 3-1: Base on Balls
|
|
Pitching: LHP Ian Tamburrino
|
|
|
Batting: RHB Guan-pei Gao
|
0-0: Ball 1-0: Fielders Choice at 2nd, 6-4 (Groundball, 6, EV 87.5 MPH)
|
|
Batting: LHB Jesse Haught
|
0-0: Called Strike 0-1: Swinging Strike 0-2: Ball 1-2: Ball 2-2: Strikes out looking
|
|
Batting: RHB Gary Sampson
|
0-0: Ball 1-0: Foul Ball, location: 2F 1-1: Foul Ball, location: 2F 1-2: Ball 2-2: Ground out 4-3 (Groundball, 4, EV 108.8 MPH)
|
| Bottom of the 4th over - 0 runs, 0 hits, 0 errors, 1 left on base; Missoula 3 - Philadelphia (APP) 1 |
| TOP OF THE 5TH |
|
Missoula Osprey batting - Pitching for Philadelphia (APP) Phillies : RHP Soh Kawashima
|
|
Batting: RHB Zach Espinosa
|
0-0: Ball 1-0: Called Strike 1-1: Ball 2-1: Foul Ball, location: 2F 2-2: Strikes out looking
|
|
Batting: RHB Hyeok Shon
|
0-0: Foul Ball, location: 2F 0-1: Ground out 6-3 (Groundball, 6, EV 84.4 MPH)
|
|
Batting: RHB Orlando Florez
|
0-0: Foul Ball, location: 2F 0-1: Ball 1-1: Called Strike 1-2: Ball 2-2: Ball 3-2: Strikes out swinging
|
| Top of the 5th over - 0 runs, 0 hits, 0 errors, 0 left on base; Missoula 3 - Philadelphia (APP) 1 |
| BOTTOM OF THE 5TH |
|
Philadelphia (APP) Phillies batting - Pitching for Missoula Osprey : LHP Ian Tamburrino
|
|
Batting: LHB Matt Urbanek
|
0-0: Ball 1-0: Ball 2-0: Ball 3-0: Base on Balls
|
|
Batting: RHB Tony Perez
|
0-0: Ball 1-0: Called Strike 1-1: Called Strike 1-2: Ball 2-2: Fly out, F8 (Flyball, 8LXD, EV 95.0 MPH)
|
|
Batting: LHB Joel Moore
|
0-0: Foul Ball, location: 2F 0-1: Fielders Choice at 2nd, 4-6 (Groundball, 4, EV 88.8 MPH)
|
|
Batting: RHB Danny Habermehl
|
0-0: Called Strike 0-1: SINGLE (Line Drive, 9LS, EV 93.1 MPH) Joel Moore to second Runner from 2nd tries for 3rd, SAFE, throw by RF made to third
|
|
Batting: RHB Trent Hedrick
|
0-0: Called Strike 0-1: Ball 1-1: Hit by Pitch Danny Habermehl to second
|
|
Batting: RHB Mike Bell
|
0-0: Called Strike 0-1: Ball 1-1: Ball 2-1: Ball 3-1: Base on Balls Joel Moore scores Danny Habermehl to third Trent Hedrick to second
|
|
Batting: RHB Guan-pei Gao
|
0-0: Called Strike 0-1: Called Strike 0-2: Ball Wild Pitch! Danny Habermehl scores Trent Hedrick to third Mike Bell to second 1-2: Ground out 6-3 (Groundball, 6, EV 85.0 MPH)
|
| Bottom of the 5th over - 2 runs, 1 hit, 0 errors, 2 left on base; Missoula 3 - Philadelphia (APP) 3 |
| TOP OF THE 6TH |
|
Missoula Osprey batting - Pitching for Philadelphia (APP) Phillies : RHP Soh Kawashima
|
|
Pitching: RHP Lance Brisson
|
|
|
Batting: SHB Ed Vargas
|
0-0: Foul Ball, location: 2F 0-1: Foul Ball, location: 2F 0-2: Ball 1-2: Ball 2-2: Strikes out swinging
|
|
Batting: RHB D.J. Cooke
|
0-0: Ball 1-0: Ground out 6-3 (Groundball, 56, EV 89.4 MPH)
|
|
Batting: LHB Dallas Kelly
|
0-0: Ground out U3 (Groundball, 34, EV 106.9 MPH)
|
| Top of the 6th over - 0 runs, 0 hits, 0 errors, 0 left on base; Missoula 3 - Philadelphia (APP) 3 |
| BOTTOM OF THE 6TH |
|
Philadelphia (APP) Phillies batting - Pitching for Missoula Osprey : LHP Ian Tamburrino
|
|
Batting: LHB Jesse Haught
|
0-0: Called Strike 0-1: Called Strike 0-2: Ball 1-2: SINGLE (Groundball, 25, EV 72.5 MPH) (infield hit)
|
|
Batting: RHB Gary Sampson
|
0-0: Grounds into double play, 4-6-3 (Groundball, 4, EV 82.5 MPH)
|
|
Batting: LHB Matt Urbanek
|
0-0: Ball 1-0: SOLO HOME RUN (Flyball, 9D, EV 97.5 MPH), Distance : 346 ft
|
|
Pitching: RHP Moises Baez
|
|
|
Batting: RHB Tony Perez
|
0-0: Swinging Strike 0-1: Swinging Strike 0-2: Foul Ball, location: 2F 0-2: Strikes out swinging
|
| Bottom of the 6th over - 1 run, 2 hits, 0 errors, 0 left on base; Missoula 3 - Philadelphia (APP) 4 |
| TOP OF THE 7TH |
|
Missoula Osprey batting - Pitching for Philadelphia (APP) Phillies : RHP Lance Brisson
|
|
Batting: RHB Edwin Romero
|
0-0: Ball 1-0: Reached on error, E5 (Groundball, 5, EV 94.4 MPH)
|
|
Batting: RHB Daniel Rivera
|
0-0: Called Strike 0-1: Ball Edwin Romero is caught stealing 2nd base 2-4 1-1: Ground out 4-3 (Groundball, 4M, EV 105.0 MPH)
|
|
Batting: SHB Ethan Newby
|
0-0: Ball 1-0: Ball 2-0: Ball 3-0: Called Strike 3-1: Base on Balls
|
|
Batting: RHB Zach Espinosa
|
0-0: Ball 1-0: Reached on error, E4 (Groundball, 4, EV 85.0 MPH) Ethan Newby to third
|
|
Batting: RHB Hyeok Shon
|
0-0: Ball 1-0: Ball 2-0: Foul Ball, location: 2F 2-1: Ball 3-1: Base on Balls
|
|
Batting: RHB Orlando Florez
|
0-0: Called Strike 0-1: Ball 1-1: Ball 2-1: Ball 3-1: Base on Balls Ethan Newby scores Zach Espinosa to third Hyeok Shon to second
|
|
Batting: SHB Ed Vargas
|
0-0: Ball 1-0: Ball 2-0: Ball 3-0: Called Strike 3-1: Called Strike 3-2: Ground out 5-3 (Groundball, 56S, EV 85.0 MPH)
|
| Top of the 7th over - 1 run, 0 hits, 2 errors, 3 left on base; Missoula 4 - Philadelphia (APP) 4 |
| BOTTOM OF THE 7TH |
|
Philadelphia (APP) Phillies batting - Pitching for Missoula Osprey : RHP Moises Baez
|
|
Batting: LHB Joel Moore
|
0-0: Ball 1-0: Called Strike 1-1: Ball 2-1: Ball 3-1: Base on Balls
|
|
Batting: RHB Danny Habermehl
|
0-0: Called Strike 0-1: Ball 1-1: Ball 2-1: Called Strike 2-2: Ball 3-2: Foul Ball, location: 2F 3-2: Foul Ball, location: 2F 3-2: Foul Ball, location: 2F 3-2: Foul Ball, location: 2F 3-2: Base on Balls Joel Moore to second
|
|
Batting: RHB Trent Hedrick
|
0-0: Foul Ball, location: 2F 0-1: Fielders Choice at 2nd, 3-6 (Groundball, 34, EV 106.9 MPH) Joel Moore to third
|
|
Batting: RHB Mike Bell
|
0-0: Called Strike 0-1: Ball 1-1: Ball 2-1: Ball 3-1: Base on Balls Trent Hedrick to second
|
|
Batting: RHB Guan-pei Gao
|
0-0: Called Strike 0-1: Ball 1-1: Called Strike 1-2: Strikes out swinging
|
|
Batting: LHB Jesse Haught
|
0-0: Called Strike 0-1: Ball 1-1: Swinging Strike 1-2: GRAND SLAM HOME RUN (Flyball, 89XD, EV 104.4 MPH), Distance : 395 ft
|
|
Pitching: RHP Jayden Taylor
|
|
|
Batting: RHB Gary Sampson
|
0-0: Ball 1-0: Ball 2-0: Called Strike 2-1: Ground out U3 (Groundball, 13, EV 84.4 MPH)
|
| Bottom of the 7th over - 4 runs, 1 hit, 0 errors, 0 left on base; Missoula 4 - Philadelphia (APP) 8 |
| TOP OF THE 8TH |
|
Missoula Osprey batting - Pitching for Philadelphia (APP) Phillies : RHP Lance Brisson
|
|
Pitching: RHP David Oviedo
|
|
|
Batting: RHB D.J. Cooke
|
0-0: Ball 1-0: Ball 2-0: Called Strike 2-1: Called Strike 2-2: Ball 3-2: Ground out 4-3 (Groundball, 4, EV 82.5 MPH)
|
|
Batting: LHB Dallas Kelly
|
0-0: Swinging Strike 0-1: SINGLE (Line Drive, 89M, EV 103.8 MPH)
|
|
Batting: RHB Edwin Romero
|
0-0: Called Strike 0-1: Ground out 6-3 (Groundball, 6S, EV 70.6 MPH) Dallas Kelly to second
|
|
Batting: RHB Daniel Rivera
|
0-0: Ball 1-0: Foul Ball, location: 2F 1-1: Foul Ball, location: 2F 1-2: Ball 2-2: SINGLE (Flyball, 5D, EV 88.8 MPH) Dallas Kelly to third Runner from 3rd tries for Home, throw by LF and OUT! 7-2
|
| Top of the 8th over - 0 runs, 2 hits, 0 errors, 1 left on base; Missoula 4 - Philadelphia (APP) 8 |
| BOTTOM OF THE 8TH |
|
Philadelphia (APP) Phillies batting - Pitching for Missoula Osprey : RHP Jayden Taylor
|
|
Batting: LHB Matt Urbanek
|
0-0: Ground out 6-3 (Groundball, 6S, EV 88.1 MPH)
|
|
Batting: RHB Tony Perez
|
0-0: Ball 1-0: Called Strike 1-1: Ball 2-1: Foul Ball, location: 2F 2-2: Foul Ball, location: 2F 2-2: SINGLE (Groundball, 34D, EV 98.1 MPH)
|
|
Batting: LHB Joel Moore
|
0-0: Called Strike 0-1: Ball Tony Perez steals 2nd base 1-1: Called Strike 1-2: Strikes out swinging
|
|
Batting: RHB Danny Habermehl
|
0-0: Ball 1-0: Ball 2-0: Ball 3-0: Base on Balls
|
|
Batting: RHB Trent Hedrick
|
0-0: Called Strike 0-1: Ball 1-1: Ball 2-1: Ground out 6-3 (Groundball, 6M, EV 100.6 MPH)
|
| Bottom of the 8th over - 0 runs, 1 hit, 0 errors, 2 left on base; Missoula 4 - Philadelphia (APP) 8 |
| TOP OF THE 9TH |
|
Missoula Osprey batting - Pitching for Philadelphia (APP) Phillies : RHP David Oviedo
|
|
Batting: SHB Ethan Newby
|
0-0: Fly out, F9 (Flyball, 9, EV 77.5 MPH)
|
|
Batting: RHB Zach Espinosa
|
0-0: Called Strike 0-1: Swinging Strike 0-2: Fly out, F5 (Popup, 5SF, EV 81.9 MPH)
|
|
Batting: RHB Hyeok Shon
|
0-0: Called Strike 0-1: Ball 1-1: Ball 2-1: Ground out 4-3 (Groundball, 34, EV 86.2 MPH)
|
| Top of the 9th over - 0 runs, 0 hits, 0 errors, 0 left on base; Missoula 4 - Philadelphia (APP) 8 |
|